 Dungeon Crawl Stone Soup version 0.31-a0-1338-gb567cfdca4 (console) character file.

Game seed: 2327321616936666940

156574 jejorda2 the Tortoise (level 17, -5/136 HPs)
             Began as a Gnoll Berserker on Dec 21, 2023.
             Was a High Priest of Trog.
             Slain by a yaktaur (8 damage)
             ... on level 15 of the Dungeon on Dec 22, 2023.
             The game lasted 01:03:22 (24033 turns).

jejorda2 the Tortoise (Gnoll Berserker)            Turns: 24033, Time: 01:03:23

Health: -5/136     AC: 20    Str: 22    XL:     17   Next: 67%
Magic:  32/32      EV: 13    Int:  9    God:    Trog [*****.]
Gold:   1167       SH:  0    Dex: 12    Spells: 38/38 levels left

rFire   + . .        a - +0 battleaxe (vamp)
rCold   + + .        (shield currently unavailable)
rNeg    + . .        o - +2 gold dragon scales
rPois   +            d - +2 helmet
rElec   .            (no cloak)
rCorr   +            (no gloves)
SInv    .            x - +0 pair of boots
Will    +....        u - amulet of faith Stlth
                     G - ring "Jaudd" {rN+ rCorr EV+5}
HPRegen 0.42/turn    K - ring of protection from cold
MPRegen 0.23/turn

%: faith
@: corroded, on berserk cooldown, slowed, studying Armour, very slow
A: fangs 1, strong nose, distributed training
a: Renounce Religion, Berserk, Trog's Hand, Brothers in Arms


You were on level 15 of the Dungeon.
You worshipped Trog.
Trog was extremely pleased with you.
You visited 2 branches of the dungeon, and saw 20 of its levels.
You also visited: Sewer and Bailey.

You collected 2572 gold pieces.
You spent 1405 gold pieces at shops.

Inventory:

Hand Weapons
 a - a +0 vampiric battleaxe (weapon)
 b - a +2 heavy dire flail
 w - the +11 morningstar "Nigeas Cuqa" {flame, rElec rC- Int+2 SInv}
   (You found it in a sewer)

   Int+2:     It affects your intelligence (+2).
   rC-:       It makes you vulnerable to cold.
   rElec:     It insulates you from electricity.
   SInv:      It lets you see invisible.
Missiles
 r - 38 poisoned darts (quivered)
 v - 15 boomerangs
 C - 10 curare-tipped darts
 I - a throwing net
 R - 6 atropa-tipped darts
Armour
 d - a +2 helmet (worn)
 o - +2 gold dragon scales (worn)
 x - a +0 pair of boots (worn)
Jewellery
 i - the ring of the Lost Persimmons {rN+ SInv}
   (You acquired it on level 10 of the Dungeon)

   [ring of positive energy]

   rN+:       It protects you from negative energy.
   SInv:      It lets you see invisible.
 u - an amulet of faith (around neck)
 A - a ring of ice
 G - the ring "Jaudd" (left hand) {rN+ rCorr EV+5}
   (You found it on level 1 of the Lair of Beasts)

   [ring of evasion]

   EV+5:      It affects your evasion (+5).
   rN+:       It protects you from negative energy.
   rCorr:     It protects you from acid and corrosion.
 K - a ring of protection from cold (right hand)
Wands
 e - a wand of digging (11)
 g - a wand of polymorph (5)
 y - a wand of roots (14)
 B - a wand of flame (26)
 D - a wand of paralysis (7)
 P - a wand of mindburst (11)
Scrolls
 h - 2 scrolls of silence
 l - 3 scrolls of fog
 n - 6 scrolls of teleportation
 F - 3 scrolls of blinking
 H - 4 scrolls of enchant weapon
 J - 2 scrolls of immolation
 L - 2 scrolls of poison
 M - a scroll of enchant armour
 O - a scroll of summoning
 S - a scroll of brand weapon
 T - a scroll of fear
Potions
 c - a potion of resistance
 f - 9 potions of might
 j - 7 potions of curing
 k - 9 potions of enlightenment
 m - a potion of cancellation
 p - 3 potions of lignification
 q - 2 potions of attraction
 t - a potion of heal wounds
 z - a potion of mutation
 E - 6 potions of haste
 N - a potion of ambrosia
Miscellaneous
 Q - a tin of tremorstones (2/2)


   Skills:
 + Level 13.0 Fighting
 + Level 11.3 Short Blades
 + Level 11.3 Long Blades
 + Level 13.0 Axes
 + Level 11.3 Maces & Flails
 + Level 11.3 Polearms
 + Level 11.3 Staves
 + Level 11.3 Ranged Weapons
 + Level 11.3 Throwing
 + Level 16.1 Armour
 + Level 12.2 Dodging
 + Level 11.3 Stealth
 + Level 11.3 Shields
 + Level 11.3 Unarmed Combat
 + Level 11.3 Spellcasting
 + Level 9.6 Conjurations
 + Level 9.6 Hexes
 + Level 9.6 Summonings
 + Level 9.6 Necromancy
 + Level 9.6 Translocations
 + Level 9.6 Fire Magic
 + Level 9.6 Ice Magic
 + Level 9.6 Air Magic
 + Level 9.6 Earth Magic
 + Level 9.6 Alchemy
 + Level 12.3 Invocations
 + Level 11.3 Evocations
 + Level 10.4 Shapeshifting


You had 38 spell levels left.
You didn't know any spells.
Your spell library was empty.

Dungeon Overview and Level Annotations

Branches:
Dungeon (15/15)            Temple (0/1) D:6            Lair (5/5) D:11
  Swamp (0/4) Lair:2        Snake (0/4) Lair:3        Slime (0/5) Lair:4
    Orc (0/2) D:11         Vaults (0/5) D:13          Sewer (visited)
 Bailey (visited)
 Depths: D:15

Altars:
Gozag
Kikubaaqudgha
Trog
Vehumet
Wu Jian
Xom
Yredelemnul
The Shining One

Shops:
D:5 [   D:9 :   D:13 *   D:14 (

Portals:
Trove: D:11 (give +8 demon whip)

Annotations:
D:12 3 runed translucent doors
D:15 Jorgrun


Innate Abilities, Weirdness & Mutations

You have very sharp teeth.
Your uncanny sense of smell can sniff out nearby items.
Your experience applies equally to all skills.


Message History

The yaktaur hits you but does no damage.
Jorgrun hits you but does no damage.
The brown ugly thing kicks you but does no damage.
The yaktaur hits you.
* * * LOW HITPOINT WARNING * * *
Jorgrun gestures at you while chanting. The brown ugly thing kicks you.
* * * LOW HITPOINT WARNING * * *
The acid corrodes you!
You are splashed with acid.
You resist.
* * * LOW HITPOINT WARNING * * *
The yaktaur hits you but does no damage.
Jorgrun hits you with a +0 heavy quarterstaff.
* * * LOW HITPOINT WARNING * * *
The brown ugly thing kicks you.
* * * LOW HITPOINT WARNING * * *
You are splashed with acid.
You resist.
* * * LOW HITPOINT WARNING * * *
The yaktaur hits you but does no damage.
The red ugly thing basks in the mutagenic energy from its kin and changes!
The brown ugly thing kicks you.
* * * LOW HITPOINT WARNING * * *
You are splashed with acid.
You resist.
* * * LOW HITPOINT WARNING * * *
The yaktaur hits you but does no damage.
Jorgrun hits you with a +0 heavy quarterstaff!
* * * LOW HITPOINT WARNING * * *
The brown ugly thing kicks you but does no damage.
The yaktaur hits you but does no damage.
The green ugly thing basks in the mutagenic energy from its kin and changes!
You turn to flesh and can move again.
There is a stone staircase leading up here.
Unknown command.
Unknown command.
Unknown command.
Jorgrun misses you. The brown ugly thing kicks you.
* * * LOW HITPOINT WARNING * * *
You are splashed with acid.
You resist.
* * * LOW HITPOINT WARNING * * *
The yaktaur hits you!
You die...

.# ..
#.# #..∆
#.# ...
#.# #.#
#.# #..#
#.#
#.#.#
#.#c#..∆
#@#)#∆
∆#g#u#
#.#.#u#
##.# #u#
#.# ##
## ∆ ∆ ∆


You could see Jorgrun, 3 ugly things and a yaktaur.

Vanquished Creatures
  Kirke (D:13)
  A storm dragon (D:12)
  Azrael (D:13)
  An ettin (D:12)
  2 vault guards (Bailey)
  6 hydras
  2 ogre magi
  4 centaur warriors
  3 two-headed ogres
  The ghost of NateTC the Cleaver, a novice MiFi of Okawaru (D:8)
  7 boulder beetles
  2 tengu warriors
  6 death yaks
  Nergalle (D:11)
  8 skeletal warriors
  2 spriggan druids (Lair:2)
  6 lindwurms
  A harpy (shapeshifter) (D:14)
  An orc knight (D:13)
  2 deep elf pyromancers
  14 ugly things
  6 cyclopes
  5 manticores
  3 centaur zombies (D:14)
  Joseph (D:7)
  3 black mambas
  23 cane toads
  11 elephants
  Maggie (D:7)
  3 rime drakes
  4 efreet
  14 komodo dragons
  An unseen horror (D:12)
  4 yaktaurs (D:15)
  A tengu conjurer (D:12)
  A guardian mummy (D:11)
  6 trolls
  7 polar bears
  Prince Ribbit (D:7)
  6 hornets
  6 blink frogs
  2 dream sheep (Lair:5)
  2 jumping spiders (Lair:4)
  A shadow (D:12)
  A centaur simulacrum (D:12)
  A spriggan (shapeshifter) (D:14)
  6 vampires
  7 wraiths
  14 spriggans
  20 yaks
  3 wyverns
  6 slime creatures (D:8)
  A water elemental (D:14)
  A fire bat (D:6)
  4 humans (Bailey)
  2 steam dragons (D:8)
  5 hogs (D:13)
  3 fire elementals (D:13)
  3 redbacks
  18 vampire mosquitoes
  2 basilisks
  An acid dragon (D:10)
  5 hell hounds (D:13)
  15 water moccasins
  2 sky beasts
  12 orc warriors
  7 ice beasts
  2 ogres
  34 wolves
  7 centaurs
  3 boggarts (Lair:5)
  6 kobold brigands
  24 bullfrogs
  4 gnoll sergeants
  A scorpion (D:7)
  5 wights (D:6)
  9 killer bees
  A howler monkey (D:7)
  3 lava snakes (Lair:4)
  A jelly (D:6)
  5 hounds
  A gnoll bouda (D:8)
  12 orc priests
  A boggart zombie (D:14)
  21 orc wizards
  25 gnolls
  17 adders
  A river rat (D:6)
  A bombardier beetle (D:4)
  2 white imps
  2 ufetubi (D:6)
  A worm (D:3)
  3 dart slugs
  47 orcs
  9 ball pythons
  5 bats
  7 endoplasms
  10 giant cockroaches
  10 goblins
  9 hobgoblins
  3 jackals (D:2)
  13 quokkas
  8 frilled lizards
  29 kobolds
  3 rats
668 creatures vanquished.

Vanquished Creatures (collateral kills)
  A centaur warrior (D:11)
  A two-headed ogre (D:10)
  A shadow (D:10)
  An iguana (D:6)
  4 orcs
8 creatures vanquished.

Vanquished Creatures (others)
  An unseen horror (D:12)
  A kobold (D:10)
2 creatures vanquished.

Grand Total: 678 creatures vanquished

Notes
Turn   | Place    | Note
-------+----------+-------------------------------------------
     0 | D:1      | jejorda2 the Gnoll Berserker began the quest for the Orb.
     0 | D:1      | Reached XP level 1. HP: 23/23 MP: 1/1
   107 | D:1      | Reached XP level 2. HP: 28/29 MP: 2/2
   569 | D:1      | Reached XP level 3. HP: 35/35 MP: 3/3
   733 | D:2      | Reached skill level 1 in Invocations
   870 | D:2      | Reached skill level 1 in Short Blades
   870 | D:2      | Reached skill level 1 in Long Blades
   870 | D:2      | Reached skill level 1 in Maces & Flails
   870 | D:2      | Reached skill level 1 in Polearms
   870 | D:2      | Reached skill level 1 in Staves
   870 | D:2      | Reached skill level 1 in Ranged Weapons
   870 | D:2      | Reached skill level 1 in Throwing
   870 | D:2      | Reached skill level 1 in Stealth
   870 | D:2      | Reached skill level 1 in Shields
   870 | D:2      | Reached skill level 1 in Unarmed Combat
   870 | D:2      | Reached skill level 1 in Spellcasting
   870 | D:2      | Reached skill level 1 in Evocations
   928 | D:2      | Reached ** piety under Trog
   934 | D:2      | Reached skill level 1 in Shapeshifting
   934 | D:2      | Reached XP level 4. HP: 41/41 MP: 5/5
  1053 | D:2      | Reached skill level 1 in Conjurations
  1053 | D:2      | Reached skill level 1 in Hexes
  1053 | D:2      | Reached skill level 1 in Summonings
  1053 | D:2      | Reached skill level 1 in Necromancy
  1053 | D:2      | Reached skill level 1 in Translocations
  1053 | D:2      | Reached skill level 1 in Fire Magic
  1053 | D:2      | Reached skill level 1 in Ice Magic
  1053 | D:2      | Reached skill level 1 in Air Magic
  1053 | D:2      | Reached skill level 1 in Earth Magic
  1053 | D:2      | Reached skill level 1 in Alchemy
  1459 | D:3      | Noticed an ogre
  1465 | D:3      | Killed an ogre
  1466 | D:3      | Reached XP level 5. HP: 47/47 MP: 5/7
  1866 | D:3      | Reached XP level 6. HP: 34/53 MP: 6/8
  2109 | D:3      | Reached skill level 5 in Armour
  2109 | D:3      | Reached skill level 5 in Dodging
  2544 | D:4      | Reached *** piety under Trog
  3341 | D:4      | Found an ancient bone altar of Kikubaaqudgha.
  3341 | D:4      | Found a basalt altar of Yredelemnul.
  3343 | D:4      | Found an ornate altar of the Wu Jian Council.
  3346 | D:4      | Found an opulent altar of Gozag.
  3665 | D:5      | Entered Level 5 of the Dungeon
  3775 | D:5      | Reached XP level 7. HP: 48/60 MP: 7/10
  4333 | D:5      | Found Hadad's Dragon-Slaying Spoils.
  4692 | D:5      | Found a bloodstained altar of Trog.
  4710 | D:6      | Identified a scroll of acquirement
  4710 | D:6      | Acquired a manual of Armour
  4716 | D:6      | Found a staircase to the Ecumenical Temple.
  4926 | D:6      | Reached XP level 8. HP: 67/67 MP: 10/12
  4934 | D:6      | Reached skill level 6 in Armour
  4939 | D:6      | HP: 3/62 [wight/+0 falchion (2)]
  5115 | D:6      | Found a glowing drain.
  5119 | Sewer    | Entered a sewer
  5344 | Sewer    | Reached **** piety under Trog
  5411 | Sewer    | Identified the +11 morningstar "Nigeas Cuqa" {flame, rElec
                  | rC- Int+2 SInv}
  5820 | D:6      | Found a shimmering altar of Xom.
  5826 | D:6      | Reached XP level 9. HP: 73/73 MP: 13/15
  5827 | D:6      | Reached skill level 7 in Armour
  6499 | D:7      | Noticed Prince Ribbit
  6538 | D:7      | Killed Prince Ribbit
  6539 | D:7      | Reached skill level 5 in Invocations
  6597 | D:7      | Found a flagged portal.
  6605 | Bailey   | Entered a bailey
  6664 | Bailey   | Reached skill level 8 in Armour
  6748 | Bailey   | Noticed a vault guard
  6765 | Bailey   | Killed a vault guard
  6766 | Bailey   | Reached skill level 5 in Short Blades
  6766 | Bailey   | Reached skill level 5 in Long Blades
  6766 | Bailey   | Reached skill level 5 in Maces & Flails
  6766 | Bailey   | Reached skill level 5 in Polearms
  6766 | Bailey   | Reached skill level 5 in Staves
  6766 | Bailey   | Reached skill level 5 in Ranged Weapons
  6766 | Bailey   | Reached skill level 5 in Throwing
  6766 | Bailey   | Reached skill level 5 in Stealth
  6766 | Bailey   | Reached skill level 5 in Shields
  6766 | Bailey   | Reached skill level 5 in Unarmed Combat
  6766 | Bailey   | Reached skill level 5 in Spellcasting
  6766 | Bailey   | Reached skill level 5 in Evocations
  6766 | Bailey   | Reached XP level 10. HP: 82/82 MP: 12/17
  6852 | Bailey   | Noticed a vault guard
  6861 | Bailey   | Killed a vault guard
  6863 | Bailey   | Reached skill level 5 in Shapeshifting
  6978 | Bailey   | Reached skill level 9 in Armour
  7090 | D:7      | Reached ***** piety under Trog
  7209 | D:7      | Noticed Joseph
  7217 | D:7      | Killed Joseph
  7443 | D:7      | Noticed Maggie
  7451 | D:7      | Killed Maggie
  7970 | D:8      | Reached skill level 5 in Conjurations
  7970 | D:8      | Reached skill level 5 in Hexes
  7970 | D:8      | Reached skill level 5 in Summonings
  7970 | D:8      | Reached skill level 5 in Necromancy
  7970 | D:8      | Reached skill level 5 in Translocations
  7970 | D:8      | Reached skill level 5 in Fire Magic
  7970 | D:8      | Reached skill level 5 in Ice Magic
  7970 | D:8      | Reached skill level 5 in Air Magic
  7970 | D:8      | Reached skill level 5 in Earth Magic
  7970 | D:8      | Reached skill level 5 in Alchemy
  7977 | D:8      | Reached XP level 11. HP: 64/89 MP: 13/20
  8134 | D:8      | Found a runed translucent door.
  8370 | D:8      | Noticed NateTC's ghost (novice MiFi)
  8390 | D:8      | Killed NateTC's ghost
  8427 | D:8      | Reached skill level 10 in Armour
  9178 | D:9      | Received a gift from Trog
  9241 | D:9      | Found Muteudd's Book Emporium.
  9475 | D:9      | Found a radiant altar of Vehumet.
  9761 | D:10     | Entered Level 10 of the Dungeon
  9905 | D:10     | Noticed a two-headed ogre
  9921 | D:10     | Killed a two-headed ogre
 10099 | D:10     | Acquired 1053 gold pieces
 10293 | D:5      | Bought +2 gold dragon scales for 1104 gold pieces
 10556 | D:10     | Acquired the ring of the Lost Persimmons {rN+ SInv}
 11007 | D:11     | Noticed a manticore
 11016 | D:11     | Killed a manticore
 11029 | D:11     | Reached XP level 12. HP: 27/97 MP: 22/22
 11200 | D:11     | Noticed a centaur warrior
 11204 | D:11     | Found a staircase to the Orcish Mines.
 11216 | D:11     | HP: 3/97 [orc priest/divine providence (14)]
 11220 | D:11     | Killed a centaur warrior
 11416 | D:11     | Reached skill level 11 in Armour
 11709 | D:11     | Noticed a two-headed ogre
 11714 | D:11     | Noticed a boulder beetle
 11715 | D:11     | Killed a two-headed ogre
 11776 | D:11     | Killed a boulder beetle
 11777 | D:11     | Reached skill level 10 in Fighting
 11777 | D:11     | Reached skill level 10 in Axes
 12082 | D:11     | Noticed Nergalle
 12096 | D:11     | Killed Nergalle
 12099 | D:11     | Found a portal to a secret trove of treasure.
 12235 | D:11     | Found a staircase to the Lair.
 12624 | Lair:1   | Entered Level 1 of the Lair of Beasts
 12703 | Lair:1   | You fall into a shaft and drop 1 floor!
 13137 | Lair:1   | Reached skill level 12 in Armour
 13143 | Lair:1   | Reached XP level 13. HP: 104/104 MP: 25/25
 13224 | Lair:1   | Identified the ring "Jaudd" {rN+ rCorr EV+5}
 14184 | Lair:2   | Found a staircase to the Swamp.
 14508 | Lair:3   | Found a staircase to the Snake Pit.
 14568 | Lair:3   | Reached skill level 10 in Dodging
 14768 | Lair:3   | Reached skill level 13 in Armour
 14770 | Lair:3   | Received a gift from Trog
 15713 | Lair:3   | Reached skill level 10 in Invocations
 15713 | Lair:3   | Reached XP level 14. HP: 113/113 MP: 27/27
 16380 | Lair:4   | Found a staircase to the Slime Pits.
 17013 | Lair:4   | Found a runed translucent door.
 17050 | Lair:4   | Identified the +1 whip of the Volcano {flame, *Corrode rN++
                  | Will+ Stlth+}
 17069 | Lair:4   | Found a runed translucent gate.
 17069 | Lair:4   | Found a runed translucent gate.
 17069 | Lair:4   | Found a runed translucent gate.
 17069 | Lair:4   | Found a runed translucent gate.
 17077 | Lair:4   | Found a runed translucent gate.
 17078 | Lair:4   | Found a runed translucent gate.
 17425 | Lair:4   | Identified the ring "Havar" {^Contam +Blink SInv}
 17451 | Lair:4   | Reached skill level 14 in Armour
 17451 | Lair:4   | Reached XP level 15. HP: 120/120 MP: 28/28
 17458 | Lair:5   | Entered Level 5 of the Lair of Beasts
 17516 | Lair:5   | Identified the +1 scale mail of Imperfection {Dex+5}
 17853 | Lair:5   | Noticed Nessos
 17858 | Lair:5   | Nessos changed into Nessos the redback
 17858 | Lair:5   | Noticed Nessos
 17860 | Lair:5   | Killed Nessos the redback
 17967 | Lair:5   | Received a gift from Trog
 18073 | Lair:5   | Reached skill level 10 in Short Blades
 18073 | Lair:5   | Reached skill level 10 in Long Blades
 18073 | Lair:5   | Reached skill level 10 in Maces & Flails
 18073 | Lair:5   | Reached skill level 10 in Polearms
 18073 | Lair:5   | Reached skill level 10 in Staves
 18073 | Lair:5   | Reached skill level 10 in Ranged Weapons
 18073 | Lair:5   | Reached skill level 10 in Throwing
 18073 | Lair:5   | Reached skill level 10 in Stealth
 18073 | Lair:5   | Reached skill level 10 in Shields
 18073 | Lair:5   | Reached skill level 10 in Unarmed Combat
 18073 | Lair:5   | Reached skill level 10 in Spellcasting
 18073 | Lair:5   | Reached skill level 10 in Evocations
 20106 | D:12     | Found a glowing golden altar of the Shining One.
 20577 | D:12     | Reached skill level 15 in Armour
 20577 | D:12     | Reached XP level 16. HP: 128/128 MP: 30/30
 20630 | D:12     | Found a runed translucent gate.
 20631 | D:12     | Found a runed translucent gate.
 20631 | D:12     | Found a runed translucent gate.
 20807 | D:12     | Noticed a storm dragon
 20821 | D:12     | Killed a storm dragon
 20882 | D:12     | Identified the +0 robe of Naanilip {Rampage rF- Regen+
                  | Stlth+}
 20894 | D:12     | Reached XP level 17. HP: 117/135 MP: 31/31
 21303 | D:13     | Found Hoegurgh's Assorted Antiques.
 21319 | D:13     | Received a gift from Trog
 21568 | D:13     | Noticed Kirke
 21587 | D:13     | Noticed a sphinx
 21594 | D:13     | Killed Kirke
 21595 | D:13     | Reached skill level 10 in Shapeshifting
 21914 | D:13     | Noticed Azrael
 21931 | D:13     | Killed Azrael
 22240 | D:13     | Found a gate to the Vaults.
 22320 | D:13     | Found a bloodstained altar of Trog.
 22356 | D:13     | Identified the +1 ring mail "Tysyhyem" {rPois Dex-5 SInv
                  | Stlth+}
 22700 | D:14     | Received a gift from Trog
 23348 | D:14     | Reached skill level 16 in Armour
 23784 | D:14     | Found Rig Tun's Weapon Emporium.
 23817 | D:14     | Bought a +0 vampiric battleaxe for 301 gold pieces
 23998 | D:15     | Entered Level 15 of the Dungeon
 24004 | D:15     | Noticed Jorgrun
 24033 | D:15     | HP: 3/136 [acid (5)]
 24033 | D:15     | Slain by a yaktaur

Illustrated notes

Levels and vault maps discovered:
D:1:      roderic_chinese_lattice_arrival, layout_loops_ring, minmay_distorted
D:2:      layout_loops_ring, minmay_circle_x
D:3:      layout_basic, hangedman_glass_teeth
D:4:      layout_basic, minitemple
D:5:      layout_loops_ring, lemuel_tele_altar, nicolae_shop_dragon_depot,
          blue_anna_alchemist
D:6:      minmay_flawed_box, layout_loops_corners, regret_index_xom_of_box,
          minmay_temple_entry_glass, gup_sewer_entry_bowl,
          corexii_leaking_fountain, minmay_misc_feat_nine_boxes
D:7:      hellmonk_destroyed_diamonds, layout_loops_ring, enter_bailey_3,
          dreamdust_princess_corridor, uniq_maggie, uniq_joseph,
          uniq_prince_ribbit1
D:8:      layout_rooms, hellmonk_ghost_happy_afterlife
D:9:      layout_rooms, mainiacjoe_overflow_cross_hatched, serial_shops,
          nicolae_shop_tiny_waterfront, chequers_arboretum
D:10:     layout_irregular_city, nicolae_elevator_lobby_plus
D:11:     layout_roguey, hellmonk_lair_entry_icy, david_orc_5,
          nicolae_trove_entry_path_of_doom, uniq_nergalle
D:12:     minmay_expanding_squares, layout_loops_corners,
          ploomutoo_gammafunk_ghost_potion_laboratory, tso_metal_star
D:13:     layout_cave_pools, david_vaults_2, nicolae_stop_n_shop_2,
          david_defended_altar_orc, uniq_azrael, uniq_kirke
D:14:     layout_gridville, serial_bayou_shore_b, serial_undead,
          serial_undead_d, serial_undead_b, serial_undead_b, serial_undead_f,
          serial_shops, nicolae_lakefront_shop, st_stairs_5,
          argonaut_gorgonesque
D:15:     gammafunk_enter_depths_forms, layout_basic, serial_shops,
          nicolae_shop_real_fake_doors, nrook_mini_backslash, serial_curves,
          eino_curves_01, eino_curves_02, cheibrodos_worm_habitat, uniq_jorgrun
Lair:1:   layout_chaotic_city, serial_bayou_shore_b, grunt_megastairs_2
Lair:2:   layout_chaotic_city, mainiacjoe_swamp_entry_angry_trees,
          infiniplex_staircase_pool_2
Lair:3:   layout_cave_pods, dummy_snake_entry, grunt_megastairs_1
Lair:4:   gammafunk_indiana_jones, layout_loops_ring, slime_entry_1
Lair:5:   minmay_lair_end_enchanted_forest, layout_regular_city,
          nicolae_lair_lindhole, lemuel_fruit_tree, lemuel_fruit_fields,
          uniq_nessos

Skill      XL: |  1  2  3  4  5  6  7  8  9 10 11 12 13 14 15 16 17 |
---------------+----------------------------------------------------+-----
Invocations    | 1 2 3 4 5 6 7 8 10 11 12 | 12.3
Short Blades   | 1 2 3 4 5 6 7 8 9 10 11 | 11.3
Long Blades    | 1 2 3 4 5 6 7 8 9 10 11 | 11.3
Maces & Flails | 1 2 3 4 5 6 7 8 9 10 11 | 11.3
Polearms       | 1 2 3 4 5 6 7 8 9 10 11 | 11.3
Staves         | 1 2 3 4 5 6 7 8 9 10 11 | 11.3
Ranged Weapons | 1 2 3 4 5 6 7 8 9 10 11 | 11.3
Throwing       | 1 2 3 4 5 6 7 8 9 10 11 | 11.3
Stealth        | 1 2 3 4 5 6 7 8 9 10 11 | 11.3
Shields        | 1 2 3 4 5 6 7 8 9 10 11 | 11.3
Unarmed Combat | 1 2 3 4 5 6 7 8 9 10 11 | 11.3
Spellcasting   | 1 2 3 4 5 6 7 8 9 10 11 | 11.3
Evocations     | 1 2 3 4 5 6 7 8 9 10 11 | 11.3
Shapeshifting  | 1 2 3 4 5 6 7 8 9 10 | 10.4
Conjurations   | 1 2 3 4 5 6 7 8 9 |  9.6
Hexes          | 1 2 3 4 5 6 7 8 9 |  9.6
Summonings     | 1 2 3 4 5 6 7 8 9 |  9.6
Necromancy     | 1 2 3 4 5 6 7 8 9 |  9.6
Translocations | 1 2 3 4 5 6 7 8 9 |  9.6
Fire Magic     | 1 2 3 4 5 6 7 8 9 |  9.6
Ice Magic      | 1 2 3 4 5 6 7 8 9 |  9.6
Air Magic      | 1 2 3 4 5 6 7 8 9 |  9.6
Earth Magic    | 1 2 3 4 5 6 7 8 9 |  9.6
Alchemy        | 1 2 3 4 5 6 7 8 9 |  9.6
Armour         | 5 6 8 9 10 12 13 14 15 16 | 16.1
Dodging        | 5 6 7 8 9 10 11 12 | 12.2
Fighting       | 7 8 9 10 11 12 13 | 13.0
Axes           | 7 8 9 10 11 12 13 | 13.0

Action                     |  1- 3 |  4- 6 |  7- 9 | 10-12 | 13-15 | 16-18 || total
---------------------------+-------+-------+-------+-------+-------+-------++-------
  Melee: Hand axe          |    73 |   249 |   217 |       |       |       ||   539
         Bite              |     7 |    31 |    28 |    53 |    98 |    62 ||   279
         Punch             |       |     1 |       |       |       |       ||     1
         Morningstar       |       |       |   100 |   439 |   690 |   274 ||  1503
         Spear             |       |       |     1 |       |       |       ||     1
         Broad axe         |       |       |       |    54 |    28 |   103 ||   185
         Battleaxe         |       |       |       |       |       |    17 ||    17
         Dire flail        |       |       |       |       |       |     6 ||     6
  Throw: Dart              |       |       |       |    15 |   112 |    43 ||   170
 Invoke: Berserk           |       |     3 |     6 |    14 |     6 |     7 ||    36
         Trog's Hand       |       |       |     5 |     7 |     5 |     5 ||    22
         Brothers in Arms  |       |       |       |     1 |       |       ||     1
  Evoke: Wand              |       |       |       |       |     1 |       ||     1
    Use: Scroll            |       |       |    12 |    14 |     6 |     2 ||    34
         Potion            |       |       |     5 |     2 |     2 |       ||     9
 Armour: Animal skin       |    10 |       |       |       |       |       ||    10
         Chain mail        |    16 |   171 |   136 |       |       |       ||   323
         Plate armour      |       |       |   128 |   248 |       |       ||   376
         Gold dragon scale |       |       |       |   264 |   615 |   438 ||  1317
  Dodge: Dodged            |    43 |   109 |   129 |   233 |   327 |   251 ||  1092
  Block: Buckler           |       |    19 |    54 |   194 |   286 |   207 ||   760
         Reflection        |       |       |       |     2 |     7 |     5 ||    14

Table legend: (Time is in decaauts)
 A = Elapsed time spent in this place.
 B = Non-inter-level travel time spent in this place.
 C = Inter-level travel time spent in this place.
 D = Time resting spent in this place.
 E = Time spent auto-exploring this place.
 F = Levels seen in this place.
 G = Mean time per level.
                   A        B        C        D        E       F      G
               +--------+--------+--------+--------+--------+-----+--------+
         Total |  24480 |  23093 |   1387 |   2219 |  15442 |  22 | 1112.7 |
       Dungeon |  16110 |  15058 |   1052 |   1205 |  10398 |  15 | 1074.0 |
          Lair |   7234 |   6900 |    334 |    879 |   4503 |   5 | 1446.8 |
         Sewer |    631 |    631 |      0 |      0 |    330 |   1 |  631.0 |
        Bailey |    503 |    503 |      0 |    134 |    209 |   1 |  503.0 |
               +--------+--------+--------+--------+--------+-----+--------+

Top non-repeatable levels by time:
    D:12: 2107 daAuts
  Lair:5: 2005 daAuts
    D:10: 1723 daAuts
  Lair:3: 1690 daAuts
  Lair:4: 1592 daAuts
     D:4: 1344 daAuts
     D:8: 1314 daAuts
     D:6: 1287 daAuts
     D:7: 1057 daAuts
    D:13: 1052 daAuts
     D:5: 1048 daAuts
  Lair:2: 1028 daAuts
    D:14: 1020 daAuts
     D:3: 1018 daAuts
    D:11: 984 daAuts
